AoeStats
← Jurydas

Nomad

506095383Analyzed
2v2 RM · 20d ago on Sep 12, 2026· 24m 32s· 4 players
Game mode
Random Map
Map size
176×176
Population
200
Speed
Normal
Resources
Standard
Victory
Conquest
Starting age
Dark Age
Ending age
Imperial Age
RankedLock teamsTeams togetherTeam positionsShared explorationLock speedFull tech treeHidden civsTurbo modeCheats
Victory
Defeat
🇨🇿 Turks · Czechia
1431
+14
🇯🇵 Spanish · Japan
1378
+17
🇪🇸 Chinese · Spain
1436
-17
🇪🇸 Bengalis · Spain
1349
-14
ken4403
6:30 Loom
13:24 Feudal Age
17:07 Castle Age
16:23 Double-Bit Axe
17:33 Town Watch
Jurydas
4:59 Loom
13:18 Feudal Age
14:16 Double-Bit Axe
17:25 Bloodlines
17:39 Scale Barding Armor
20:14 Forging
20:09 Horse Collar
dardo
4:26 Loom
13:37 Feudal Age
14:52 Gold Mining
17:24 Castle Age
20:50 Sanctity
GipsyDanger
3:17 Loom
13:02 Feudal Age
13:35 Double-Bit Axe
16:18 Fishing Lines
16:38 Gold Mining
20:54 Castle Age
19:33 Fletching
21:49 Stone Mining
22:12 Bow Saw
23:57 Bodkin Arrow
Connection lost

Rejoining the realm…

Still unreachable

The connection could not be restored.

Session expired

The server has moved on; the page needs a fresh start.